 Dungeon Crawl Stone Soup version 0.29-a0-1033-gb6c65ffae6 (webtiles) character file.

Game seed: 18253476257340481031

28 ytrimaz the Trooper (level 3, 24/29 HPs)
             Began as a Demonspawn Berserker on Aug 14, 2022.
             Was a Follower of Trog.
             Quit the game on level 1 of the Dungeon.
             The game lasted 00:01:22 (1026 turns).

ytrimaz the Trooper (Demonspawn Berserker)          Turns: 1026, Time: 00:01:23

Health: 24/29      AC:  2    Str: 19    XL:     3   Next: 0%
Magic:  3/3        EV: 12    Int:  8    God:    Trog [*.....]
Gold:   27         SH:  0    Dex: 12    Spells: 2/2 levels left

rFire   . . .      SeeInvis .   a - +0 hand axe
rCold   . . .      Faith    .   (no shield)
rNeg    . . .      Spirit   .   b - +0 animal skin
rPois   .          Reflect  .   (helmet restricted)
rElec   .          Harm     .   (no cloak)
rCorr   .          Rampage  .   (no gloves)
Will    .....                   (no boots)
Stlth   +.........              (no amulet)
HPRegen 0.09/turn               (no ring)
MPRegen 0.08/turn               (no ring)

@: no status effects
A: antennae 2
a: Renounce Religion, Berserk


You were on level 1 of the Dungeon.
You worshipped Trog.
Trog was aware of your devotion.
You visited 1 branch of the dungeon, and saw 1 of its levels.

You collected 27 gold pieces.

Inventory:

Hand Weapons
 a - a +0 hand axe (weapon)
Armour
 b - a +0 animal skin (worn)
Scrolls
 f - a scroll of identify {unknown}
 g - a scroll of poison {unknown}
 h - a scroll of fear {unknown}
 i - 2 scrolls of torment {unknown}
Potions
 c - 3 potions of curing {unknown}
 d - a potion of brilliance {unknown}
 e - a potion of flight {unknown}
 j - a potion of cancellation {unknown}
 k - a potion of magic {unknown}
 l - a potion of heal wounds {unknown}


   Skills:
 + Level 3.5 Fighting
 + Level 3.3 Axes
 - Level 1.7 Armour
 + Level 1.8 Dodging


You had 2 spell levels left.
You didn't know any spells.
Your spell library was empty.

Dungeon Overview and Level Annotations

Branches:
Dungeon (1/15)

Altars:

Annotations:
D:1 2 transporters


Innate Abilities, Weirdness & Mutations

You have a pair of antennae on your head.


Message History

You see here a scarf of shadows.
i - 2 scrolls labelled CIJUDUTOAS (gained 1)
c - 3 viscous clear potions (gained 1)
You see here a +0 flail.
A kobold comes into view. It is wielding a +0 short sword.
A kobold is nearby!
A kobold is nearby!
A kobold is nearby!
You closely miss the kobold. The kobold barely misses you.
You barely miss the kobold.
The kobold hits you with a +0 short sword.
You hit the kobold.
You kill the kobold!
Trog accepts your kill.
You see here a +0 short sword.
Found a stone staircase leading down.
There is a stone staircase leading down here.
Found a robe.
Found a stone staircase leading down.
There is a stone staircase leading down here.
You now have 27 gold pieces (gained 11).
You sense a monster nearby.
A quokka comes into view.
A quokka is nearby!
A quokka is nearby!
The helpless quokka fails to defend itself.
You hit the quokka but do no damage. The quokka barely misses you.
The quokka bites you.
You hit the quokka.
The quokka is heavily wounded.
The quokka barely misses you.
You hit the quokka.
You kill the quokka!
Trog accepts your kill.
You have reached level 3!
Your experience leads to an increase in your attributes!
Increase (S)trength, (I)ntelligence, or (D)exterity?
You feel stronger. x2; Your demonic ancestry asserts itself...
The antennae on your head grow some more.
Are you sure you want to abandon this character and quit the game? (Confirm with "yes".)

..#..# ..#.....
..# ##... ### #.#
.. #.. ... # #.#
#.## #.# #.# #.#
#.####### #†#
#.......########@#
####>#........#
###......##.#####
#...##.#.##.#
#...##...##..
#....[.......#
#.#########..# #.#
#..# #.# #..#


There were no monsters in sight!

Vanquished Creatures
  A dart slug (D:1)
  A bat (D:1)
  3 endoplasms (D:1)
  A giant cockroach (D:1)
  A goblin (D:1)
  2 hobgoblins (D:1)
  4 jackals (D:1)
  2 kobolds (D:1)
  A quokka (D:1)
  A ball python (D:1)
  3 frilled lizards (D:1)
  3 rats (D:1)
23 creatures vanquished.

Notes
Turn   | Place    | Note
-------+----------+-------------------------------------------
     0 | D:1      | ytrimaz the Demonspawn Berserker began the quest for the
                  | Orb.
     0 | D:1      | Reached XP level 1. HP: 18/18 MP: 1/1
   176 | D:1      | Discovered your monstrous ancestry.
   176 | D:1      | Gained mutation: You have a pair of small antennae on your
                  | head. [demonic ancestry]
   176 | D:1      | Reached XP level 2. HP: 10/24 MP: 2/2
  1026 | D:1      | Gained mutation: You have a pair of antennae on your head.
                  | [demonic ancestry]
  1026 | D:1      | Reached XP level 3. HP: 24/29 MP: 3/3
  1026 | D:1      | Quit the game

Illustrated notes

Levels and vault maps discovered:
D:1:      spicycebolla_arrival_transporter_tutorial, layout_loops_cross,
          hellmonk_ecumenical_altar_inner_sanctum

Skill      XL: |  1 |
---------------+----+-----
Axes           | 3 |  3.3
Fighting       | |  3.5
Armour         | |  1.7
Dodging        | |  1.8

Action                   || total
-------------------------++-------
Melee: Hand axe          ||    52
Invok: Berserk           ||     1
 Stab: Sleeping          ||     2
Armor: Animal skin       ||     9
Dodge: Dodged            ||    46

Table legend: (Time is in decaauts)
 A = Elapsed time spent in this place.
 B = Non-inter-level travel time spent in this place.
 C = Inter-level travel time spent in this place.
 D = Time resting spent in this place.
 E = Time spent auto-exploring this place.
 F = Levels seen in this place.
 G = Mean time per level.
                   A        B        C        D        E       F      G
               +--------+--------+--------+--------+--------+-----+--------+
         Total |   1046 |   1046 |      0 |      0 |    887 |   1 | 1046.0 |
       Dungeon |   1046 |   1046 |      0 |      0 |    887 |   1 | 1046.0 |
               +--------+--------+--------+--------+--------+-----+--------+

Top non-repeatable levels by time:
     D:1: 1046 daAuts
